 Dungeon Sprint DCSS version 0.17.1-3-g152610e (webtiles) character file.

6958 Kokonut the Brawler (level 10, -6/168 (171) HPs)
             Began as a Troll Berserker on Mar 6, 2016.
             Was the Champion of Trog.
             Mangled by a demonic crawler (8 damage)
             ... in the Dungeon (Sprint I: "Red Sonja").
             The game lasted 00:08:21 (1108 turns).

Kokonut the Brawler (Troll Berserker)               Turns: 1108, Time: 00:08:22

HP:   -6/168 (171)  AC:  5    Str: 32    XL:     10   Next: 81%
MP:   9/9           EV: 15    Int:  3    God:    Trog [******]
Gold: 448           SH:  0    Dex: 12    Spells: 0 memorised, 9 levels left

rFire  . . .     SeeInvis .       - Unarmed
rCold  . . .     Clarity  .     a - +0 animal skin
rNeg   . . .     SustAt   .     (no shield)
rPois  .         Gourm    +     (helmet restricted)
rElec  .         Spirit   .     (no cloak)
rCorr  .         Warding  .     (gloves unavailable)
rMut   .         NoTele   +     (boots unavailable)
MR     .....                    (no amulet)
Stlth  ..........               (no ring)
                                (no ring)

@: berserking, very quick, not resistant to hostile enchantments, extremely
unstealthy
A: unfitting armour, claws 3, fast metabolism 3, gourmand, regeneration 2,
shaggy fur 1, tough skin 2
a: Berserk, Trog's Hand, Brothers in Arms, Burn Spellbooks, Renounce Religion


You were in the Dungeon.
You worshipped Trog.
Trog was exalted by your worship.
You were not hungry.

You visited 1 branch You collected 1072 gold pieces.
You spent 624 gold pieces at shops.

Inventory:

Hand Weapons
 j - a +2 vampiric broad axe
 q - the +11 scythe of the Twelve Realms {flame, Str+5}
   (You found it in the Dungeon)

   It has been specially enchanted to burn those struck by it, causing extra
   injury to most foes and up to half again as much damage against particularly
   susceptible opponents.
   Big, fiery blades are also staple armaments of hydra-hunters.
   It affects your strength (+5).
 r - a +1 arbalest of velocity
 u - a +2 hunting sling of flaming
Missiles
 l - 5 tomahawks of returning (quivered)
Armour
 a - a +0 animal skin (worn)
Wands
 i - a wand of random effects (17)
 s - a wand of digging (11)
Scrolls
 h - 2 scrolls of blinking
 k - 3 scrolls of identify {unknown}
 o - a scroll of remove curse {unknown}
Potions
 c - 3 potions of curing
 d - a potion of heal wounds
 e - 2 potions of haste
 f - 2 potions of magic
 g - a potion of berserk rage
 m - a potion of brilliance {unknown}
 n - 2 potions of flight
Comestibles
 b - 2 bread rations
 p - a slice of pizza
 t - a meat ration


   Skills:
 + Level 11.3 Fighting
 + Level 11.4 Dodging
 * Level 17.6 Unarmed Combat


You had 9 spell levels left.
You didn't know any spells.

Dungeon Overview and Level Annotations

Branches:
Dungeon (1/1)

Altars:
Cheibriados
Dithmenos
Elyvilon
Fedhas
Gozag
Kikubaaqudgha
Makhleb
Nemelex Xobeh
Okawaru
Qazlal
Ru
Sif Muna
Trog
Vehumet
Xom
Yredelemnul
Zin
The Shining One
Jiyva

Shops:
D }(%(![*}!!(:*(%[%


Innate Abilities, Weirdness & Mutations

You are too large for most types of armour.
You have claws for hands.
Your metabolism is lightning-fast.
You like to eat raw meat.
You heal very quickly.
You are covered in fur (AC +1).
You have very tough skin (AC +2).


Message History

The demonic crawler is severely wounded.
You scratch the demonic crawler but do no damage.
The demonic crawler is severely wounded.
The demonic crawler misses you. The demonic crawler hits you!
* * * LOW HITPOINT WARNING * * *
The demonic crawler hits you.
* * * LOW HITPOINT WARNING * * *
You mangle the demonic crawler!!
You kill the demonic crawler!
Trog accepts your kill.
You claw the demonic crawler!
The demonic crawler is moderately wounded.
You mangle the demonic crawler!!
The demonic crawler is severely wounded.
The demonic crawler hits you.
* * * LOW HITPOINT WARNING * * *
The demonic crawler hits you!
* * * LOW HITPOINT WARNING * * *
The demonic crawler hits you!
You die...

##################
.#..'..#__#..')).#
.').#..'^.'..#...##+#
+#####(#__####..@ss.#
.#...#.####§§#####..+
##..##(#§§≈§.#..# ##
_##'#..)§§≈§.§§.#
..'..._#§§§§.#..#
_##_.#'##'#####'###
_###+#.#..).###.'.#
####.####(###.###§#
..'..)'((..(')∩##§#


You could see 2 demonic crawlers.

Vanquished Creatures
  2 centaur warriors (D)
  Sonja (D)
  A deep troll (D)
  2 unseen horrors (D)
  An oklob plant (D)
  2 kobold demonologists (D)
  2 demonic crawlers (D)
  A slime creature (D)
  4 trapdoor spiders (D)
  Sigmund (D)
  A yak (D)
  An ogre (D)
  A wasp (D)
  7 necrophages (D)
  Ijyb (D)
  8 jellies (D)
  2 giant eyeballs (D)
  A ballistomycete (D)
39 creatures vanquished.

Vanquished Creatures (others)
  A gargoyle (D)
  2 giant spores (D)
3 creatures vanquished.

Grand Total: 42 creatures vanquished

Notes
Turn   | Place    | Note
--------------------------------------------------------------
     0 | D        | Kokonut the Troll Berserker began the quest for the Orb.
     0 | D        | Reached XP level 1. HP: 22/22 MP: 0/0
     1 | D        | Noticed Ijyb
    21 | D        | Killed Ijyb
    21 | D        | Reached skill level 5 in Unarmed Combat
    21 | D        | Reached XP level 2. HP: 29/31 MP: 1/1
    26 | D        | Noticed an ogre
    29 | D        | Killed an ogre
    29 | D        | Reached ** piety under Trog
    29 | D        | Reached skill level 7 in Unarmed Combat
    29 | D        | Reached XP level 3. HP: 40/40 MP: 2/2
    29 | D        | Reached XP level 4. HP: 49/49 MP: 3/3
    79 | D        | Noticed Sigmund
    87 | D        | Killed Sigmund
    87 | D        | Reached skill level 5 in Fighting
    87 | D        | Reached skill level 5 in Dodging
    87 | D        | Reached skill level 9 in Unarmed Combat
    87 | D        | Reached XP level 5. HP: 46/59 MP: 4/4
    87 | D        | Reached XP level 6. HP: 52/67 MP: 5/5
   103 | D        | Found a deep blue altar of Sif Muna.
   104 | D        | Noticed a jelly
   105 | D        | Found a radiant altar of Vehumet.
   107 | D        | Killed a jelly
   130 | D        | Found Woluel's Weapon Emporium.
   130 | D        | Found a white marble altar of Elyvilon.
   130 | D        | Found a stormy altar of Qazlal.
   130 | D        | Found a basalt altar of Yredelemnul.
   130 | D        | Found an iron altar of Okawaru.
   130 | D        | Found a sparkling altar of Nemelex Xobeh.
   130 | D        | Found a shimmering altar of Xom.
   130 | D        | Found an ancient bone altar of Kikubaaqudgha.
   130 | D        | Noticed a yak
   131 | D        | Found a burning altar of Makhleb.
   131 | D        | Found a sacrificial altar of Ru.
   131 | D        | Found a glowing golden altar of the Shining One.
   131 | D        | Found an opulent altar of Gozag.
   131 | D        | Found a glowing silver altar of Zin.
   137 | D        | Killed a yak
   137 | D        | Reached *** piety under Trog
   137 | D        | Reached skill level 10 in Unarmed Combat
   138 | D        | Found a bloodstained altar of Trog.
   153 | D        | Found a viscous altar of Jiyva.
   153 | D        | Found a blossoming altar of Fedhas.
   153 | D        | Noticed a slime creature
   154 | D        | Found a snail-covered altar of Cheibriados.
   154 | D        | Found a shadowy altar of Dithmenos.
   161 | D        | Killed a slime creature
   161 | D        | Reached skill level 11 in Unarmed Combat
   161 | D        | Reached XP level 7. HP: 29/78 MP: 6/6
   259 | D        | Noticed a centaur warrior
   263 | D        | Noticed a centaur warrior
   271 | D        | Killed a centaur warrior
   271 | D        | Reached skill level 13 in Unarmed Combat
   271 | D        | Reached XP level 8. HP: 36/88 MP: 7/7
   280 | D        | Killed a centaur warrior
   280 | D        | Reached **** piety under Trog
   280 | D        | Reached skill level 14 in Unarmed Combat
   312 | D        | Noticed a wasp
   313 | D        | Killed a wasp
   313 | D        | Received a gift from Trog
   313 | D        | Reached XP level 9. HP: 73/98 MP: 8/8
   328 | D        | Noticed an oklob plant
   334 | D        | Killed an oklob plant
   352 | D        | Noticed a deep troll
   357 | D        | Killed a deep troll
   357 | D        | Reached skill level 15 in Unarmed Combat
   369 | D        | Found Suriun's Armour Emporium.
   467 | D        | Noticed Sonja
   479 | D        | Killed Sonja
   479 | D        | Reached skill level 10 in Fighting
   479 | D        | Reached skill level 10 in Dodging
   492 | D        | Found Zaseum's Gadget Boutique.
   637 | D        | Noticed a trapdoor spider
   644 | D        | Killed a trapdoor spider
   647 | D        | Noticed a trapdoor spider
   649 | D        | Killed a trapdoor spider
   704 | D        | Noticed a trapdoor spider
   707 | D        | Killed a trapdoor spider
   707 | D        | Reached skill level 16 in Unarmed Combat
   707 | D        | Reached XP level 10. HP: 25/110 MP: 9/9
   712 | D        | Noticed a trapdoor spider
   714 | D        | Killed a trapdoor spider
   714 | D        | Reached ***** piety under Trog
   825 | D        | Killed a gargoyle
   836 | D        | Noticed a jelly
   836 | D        | Noticed a jelly
   837 | D        | Noticed a jelly
   837 | D        | Paralysed by a giant eyeball for 2 turns
   840 | D        | Noticed a jelly
   840 | D        | Noticed a jelly
   840 | D        | Noticed a jelly
   840 | D        | Noticed a jelly
   844 | D        | Killed a jelly
   844 | D        | Received a gift from Trog
   847 | D        | Killed a jelly
   848 | D        | Killed a jelly
   849 | D        | Killed a jelly
   852 | D        | Killed a jelly
   854 | D        | Killed a jelly
   855 | D        | Killed a jelly
   858 | D        | Noticed a necrophage
   860 | D        | Noticed a necrophage
   860 | D        | Noticed a necrophage
   861 | D        | Noticed a necrophage
   861 | D        | Noticed a necrophage
   862 | D        | Found Cutt's Weapon Boutique.
   862 | D        | Found Egecoyxu's Food Emporium.
   862 | D        | Found Buwo's Food Emporium.
   864 | D        | Found Qytsi's Assorted Antiques.
   864 | D        | Found Jusol's Book Shoppe.
   864 | D        | Found Kaesosch's Weapon Shop.
   864 | D        | Found Naidwuew's Distillery.
   864 | D        | Found Yzetom's Distillery.
   864 | D        | Found Laol's Gadget Shoppe.
   864 | D        | Found Byossas's General Store.
   870 | D        | Killed an unseen horror
   874 | D        | Killed an unseen horror
   878 | D        | Killed a necrophage
   882 | D        | Killed a necrophage
   883 | D        | Killed a necrophage
   883 | D        | Reached skill level 17 in Unarmed Combat
   886 | D        | Killed a necrophage
   893 | D        | Killed a necrophage
   897 | D        | Found Ecacycos's Antique Armour Emporium.
   898 | D        | Found Plog's Distillery.
   898 | D        | Found Vorch's Weapon Shoppe.
   899 | D        | Found Kemn's Food Shop.
   911 | D        | Noticed a necrophage
   911 | D        | Noticed a necrophage
   914 | D        | Killed a necrophage
   918 | D        | Killed a necrophage
  1006 | D        | Got a polished scythe
  1007 | D        | Identified the +11 scythe of the Twelve Realms {flame, Str+5} (You found it in the Dungeon)
  1021 | D        | Bought a wand of digging (11) for 390 gold pieces
  1023 | D        | Bought a potion of flight for 39 gold pieces
  1027 | D        | Bought a meat ration for 65 gold pieces
  1031 | D        | Bought a potion of haste for 130 gold pieces
  1077 | D        | Noticed a kobold demonologist
  1078 | D        | Noticed a kobold demonologist
  1079 | D        | Paralysed by a giant eyeball for 3 turns
  1085 | D        | Killed a kobold demonologist
  1085 | D        | Received a gift from Trog
  1088 | D        | Killed a kobold demonologist
  1092 | D        | Noticed a demonic crawler
  1092 | D        | Noticed a demonic crawler
  1092 | D        | Noticed a demonic crawler
  1092 | D        | Noticed a demonic crawler
  1103 | D        | Killed a demonic crawler
  1103 | D        | Reached ****** piety under Trog
  1106 | D        | Killed a demonic crawler
  1108 | D        | HP: 2/168 [demonic crawler (8)]
  1108 | D        | Mangled by a demonic crawler

Action                   |  1- 3 |  4- 6 |  7- 9 | 10-12 || total
-------------------------+-------+-------+-------+-------++-------
Melee: Unarmed           |    21 |    21 |    38 |    62 ||   142
Invok: Berserk           |     1 |       |     1 |     1 ||     3
       Trog's Hand       |       |       |     2 |     1 ||     3
       Brothers in Arms  |       |       |     1 |       ||     1
 Stab: Sleeping          |       |       |     1 |       ||     1
  Eat: Chunk             |       |     7 |     5 |       ||    12
